 Dungeon Crawl Stone Soup version 0.28.0-53-g5a82cb258f (webtiles) character file.

Game seed: 8592242167017480710

249 Peloso the Covered (level 5, -2/47 HPs)
             Began as a Minotaur Fighter on May 21, 2022.
             Killed from afar by a white imp (9 damage)
             ... with a puff of frost
             ... summoned by Natasha
             ... on level 4 of the Dungeon.
             The game lasted 00:04:50 (3371 turns).

Peloso the Covered (Minotaur Fighter)               Turns: 3371, Time: 00:04:50

Health: -2/47      AC:  8    Str: 20    XL:     5   Next: 86%
Magic:  4/4        EV: 10    Int:  5    God:
Gold:   144        SH:  5    Dex: 12    Spells: 4/4 levels left

rFire   . . .      SeeInvis .   a - +0 long sword
rCold   . . .      Faith    .   c - +0 buckler
rNeg    . . .      Spirit   .   b - +0 scale mail
rPois   .          Reflect  .   (helmet restricted)
rElec   .          Harm     .   g - +0 cloak
rCorr   .          Rampage  .   (no gloves)
Will    .....                   (no boots)
Stlth   ..........              (no amulet)
HPRegen 0.15/turn               (no ring)
MPRegen 0.09/turn               (no ring)

@: no status effects
A: horns 2, retaliatory headbutt
a: no special abilities


You were on level 4 of the Dungeon.
You visited 1 branch of the dungeon, and saw 4 of its levels.

You collected 144 gold pieces.

Inventory:

Hand Weapons
 a - a +0 long sword (weapon)
Armour
 b - a +0 scale mail (worn)
 c - a +0 buckler (worn)
 g - a +0 cloak (worn)
Scrolls
 e - 2 scrolls of amnesia {unknown}
 f - 2 scrolls of noise {unknown}
 h - a scroll of magic mapping {unknown}
Potions
 d - 4 potions of might
 i - 3 potions of curing {unknown}


   Skills:
 + Level 4.5 Fighting
 + Level 4.5 Long Blades
 + Level 5.2 Armour
 + Level 1.9 Dodging
 + Level 0.4 Stealth
 + Level 4.3 Shields


You had 4 spell levels left.
You didn't know any spells.
Your spell library contained the following spells:

 Spells                   Type           Power      Damage    Failure   Level
 Slow                     Hex            0%         N/A       88%         1
 Confusing Touch          Hex            0%         N/A       99%         3
 Vampiric Draining        Necr           0%         2d6       99%         3


Dungeon Overview and Level Annotations

Branches:
Dungeon (4/15)
 Temple: D:4-7

Altars:
Makhleb
Xom

Annotations:
D:4 Natasha, Sigmund


Innate Abilities, Weirdness & Mutations

You have a pair of horns on your head.
You reflexively headbutt those who attack you in melee.


Message History

A gnoll is nearby! 2 gnolls come into view.
The gnoll shouts! x2
A gnoll comes into view. It is wielding a +0 spear.
You see here 9 gold pieces.
The gnoll shouts!
You hear a bark!
Found 12 gold pieces.
Sigmund the Dreaded comes into view.
He is wielding a +0 scythe.
Sigmund shouts!
Natasha, Servant of Life and Death comes into view.
The gnoll hits you with a +0 flail. You block the gnoll's attack.
The gnoll barely misses you.
Natasha casts a spell.
You barely miss the gnoll. The gnoll hits you but does no damage.
The gnoll hits you with a +0 flail. The gnoll closely misses you.
You furiously retaliate!
You headbutt the gnoll.
Natasha mumbles some strange words.
You feel troubled.
You slash the gnoll!
You kill the gnoll!
The gnoll hits you from afar with a +0 spear.
The gnoll hits you with a +0 flail. The gnoll barely misses you.
Natasha wildly gestures.
You feel troubled.
Natasha drinks a potion.
Natasha flickers and vanishes!
Deactivating autopickup; reactivate with Ctrl-A.
The gnoll completely misses you. The gnoll hits you with a +0 flail!
The gnoll hits you with a +0 spear.
The gnoll hits you from afar with a +0 spear!
* * * LOW HITPOINT WARNING * * *
The gnoll hits you but does no damage.
Sigmund mumbles some strange words.
Sigmund flickers and vanishes!
The white imp gestures at you. The puff of frost hits you!
* * * LOW HITPOINT WARNING * * *
The white imp disappears in a puff of smoke!
The white imp gestures at you. The puff of frost hits you!
You die...

..... #.........$..##.#
..... #......ยง........##
..... #.................
..... #.....g..5........
..... #.....#......##.##
..... ....###g........#
..... .... ##g(......##
..... .... #...........
..... ##..###@..........
.....
..##.#.#............(
.....
#.................../
.###.##..#................
..##..#.#................
#.......#..............#.
#.....................##
.....................##
##..............#...##


You could see 3 gnolls and a white imp (summoned).

Vanquished Creatures
  A phantom (D:4)
  A crimson imp (D:3)
  Robin (D:2)
  3 adders (D:2)
  A gnoll (D:4)
  3 dart slugs
  4 orcs (D:3)
  5 bats
  4 endoplasms
  4 giant cockroaches
  13 goblins
  9 hobgoblins
  3 jackals (D:1)
  A quokka (D:3)
  8 ball pythons
  2 frilled lizards
  11 kobolds
  3 rats
77 creatures vanquished.

Vanquished Creatures (others)
  A fungus (D:1)
1 creature vanquished.

Grand Total: 78 creatures vanquished

Notes
Turn   | Place    | Note
-------+----------+-------------------------------------------
     0 | D:1      | Peloso the Minotaur Fighter began the quest for the Orb.
     0 | D:1      | Reached XP level 1. HP: 19/19 MP: 0/0
   124 | D:1      | Found a faded altar of an unknown god.
   192 | D:1      | Reached XP level 2. HP: 27/27 MP: 1/1
   546 | D:1      | Reached skill level 4 in Armour
   644 | D:1      | Reached XP level 3. HP: 33/33 MP: 2/2
  1103 | D:2      | Reached skill level 1 in Dodging
  1113 | D:2      | Reached XP level 4. HP: 20/40 MP: 3/3
  1283 | D:2      | Noticed Robin
  1713 | D:2      | Killed Robin
  2239 | D:3      | Found a burning altar of Makhleb.
  2239 | D:3      | Found a shimmering altar of Xom.
  2280 | D:3      | Reached XP level 5. HP: 11/46 MP: 4/4
  3306 | D:4      | Noticed a phantom
  3314 | D:4      | Killed a phantom
  3315 | D:4      | Reached skill level 5 in Armour
  3358 | D:4      | Noticed Sigmund
  3358 | D:4      | Noticed Natasha
  3371 | D:4      | Killed from afar by a white imp

Illustrated notes

Levels and vault maps discovered:
D:1:      dpeg_arrival_court, layout_rooms, serial_rivers,
          chequers_serial_rivers_micro_a, chequers_serial_rivers_small_3,
          chequers_serial_rivers_micro_c, chequers_serial_rivers_small_3,
          shapermc_ecumenical_altar_petra, moated_statue
D:2:      layout_rooms, amcnicky_mini_rare_corridor_liquid,
          chequers_serial_rivers_room_a, st_stairs_13, uniq_robin
D:3:      layout_basic, grunt_temple_overflow_champion_of_chaos
D:4:      layout_cave_pools, amcnicky_altar_gilded, uniq_sigmund, uniq_natasha

Skill      XL: |  1  2  3  4  5 |
---------------+----------------+-----
Shields        | 4 |  4.3
Fighting       | 4 |  4.5
Armour         | 4 5 |  5.2
Long Blades    | 3 4 |  4.5
Dodging        | 1 |  1.9
Stealth        | |  0.4

Action                   |  1- 3 |  4- 6 || total
-------------------------+-------+-------++-------
Melee: Long sword        |    74 |   105 ||   179
       Headbutt          |     9 |    13 ||    22
  Use: Potion            |     2 |       ||     2
 Stab: Invisible         |       |     1 ||     1
Armor: Scale mail        |    67 |    62 ||   129
Dodge: Dodged            |    79 |    56 ||   135
Block: Buckler           |    26 |    38 ||    64
